Map: Waterfall

Players

Bunny

  • Race: Terran Terran
  • League: Silver
  • Spawn Location: 7:00

llllllllllll (herO) - Winner!

  • Race: Protoss Protoss
  • League: Grandmaster
  • Spawn Location: 1:00

VOD

Have the link to the VOD?

Description

Time

  • Played on: Oct. 20, 2022, 10:41 a.m.
  • Length: 7:13
Show
View Real Time Build Order
Export as new Build Order

Bunny Terran 

Build Orders:  

Get SALT Encoding   

  12  0:00  SCV  
  13  0:12  SCV  
  14  0:16  Supply Depot  
  14  0:24  SCV  
  15  0:38  SCV  
  15  0:39  Barracks  
  16  0:43  Refinery  
  16  0:50  SCV  
  17  1:02  SCV  
  18  1:14  SCV  
  18  1:18  Engineering Bay  
  19  1:27  Orbital Command  
  19  1:28  Reaper  
  20  1:38  Supply Depot  
  20  1:52  SCV  
  21  2:00  Command Center  
  21  2:02  Marine  
  21  2:05  SCV  
  23  2:15  Factory  
  23  2:18  SCV  
  24  2:23  Bunker  
  24  2:26  Barracks Reactor  
  24  2:30  SCV  
  24  2:33  Refinery  
  25  2:42  SCV  
  26  2:54  SCV  
  27  2:59  Hellion  
  27  3:00  Starport  
  27  3:04  Marine  
  30  3:06  Supply Depot  
  30  3:07  SCV  
  31  3:27  Marine  
  31  3:28  Widow Mine  
  31  3:29  Marine  
  34  3:35  SCV  
  34  3:38  Viking  
  37  3:45  Marine  
  37  3:46  Marine  
  37  3:50  Orbital Command  
  37  3:53  SCV  
  35  3:57  Factory Tech Lab  
  35  4:03  Marine  
  35  4:04  Marine  
  35  4:05  SCV  
  36  4:17  SCV  
  36  4:19  SCV  
  36  4:21  Cyclone, Viking  
  36  4:22  Marine  
  44  4:25  Marine  
  44  4:29  SCV  
  44  4:30  Supply Depot  
  46  4:31  SCV  
  45  4:41  SCV  
  45  4:42  Marine  
  45  4:43  Marine  
  48  4:47  SCV  
  49  4:53  Liberator, SCV  
  49  4:57  Supply Depot, Siege Tank  
  56  5:00  Marine  
  56  5:01  Marine  
  56  5:02  SCV  
  59  5:08  Supply Depot  
  59  5:13  SCV  
  60  5:14  SCV  
  60  5:17  Barracks, Marine  
  60  5:19  Marine  
  63  5:27  Supply Depot  
  63  5:29  Siege Tank  
  63  5:34  SCV x2  
  68  5:35  Medivac  
  68  5:36  Supply Depot  
  68  5:39  Marine x2  
  72  5:52  SCV x2  
  72  5:53  Engineering Bay, Barracks  
  74  5:57  Marine  
  74  5:58  Marine  
  74  6:03  Siege Tank  
  76  6:09  Marine  
  75  6:15  Marine x2  
  65  6:27  Marine  
  65  6:33  Marine x2  
  62  6:45  Marine  
  66  6:47  Bunker  
  66  6:48  Bunker  
  66  6:53  Marine x2  
Show
View Real Time Build Order
Export as new Build Order

llllllllllll Protoss - Winner!

Build Orders: 1 Gate Expand, Oracle Opening 

Get SALT Encoding   

  12  0:00  Probe  
  13  0:12  Probe  
  14  0:18  Pylon  
  14  0:24  Probe (Chrono Boost)  
  15  0:36  Probe (Chrono Boost)  
  15  0:39  Gateway  
  16  0:44  Probe (Chrono Boost)  
  16  0:48  Assimilator  
  17  0:50  Probe  
  18  1:03  Probe  
  19  1:15  Probe  
  20  1:26  Cybernetics Core  
  21  1:38  Nexus  
  20  1:41  Pylon  
  20  1:44  Probe  
  21  1:51  Assimilator  
  21  1:56  Probe  
  21  2:00  Adept (Chrono Boost)  
  24  2:08  Probe  
  24  2:15  Shield Battery  
  25  2:20  Adept (Chrono Boost), Probe  
  28  2:31  Stargate  
  28  2:34  Probe  
  29  2:42  Adept, Warp Gate  
  30  2:46  Probe  
  30  2:50  Probe  
  32  2:58  Probe  
  33  3:02  Probe  
  34  3:13  Oracle (Chrono Boost)  
  37  3:21  Probe x2  
  37  3:26  Adept  
  39  3:37  Probe  
  39  3:38  Probe  
  41  3:41  Oracle (Chrono Boost)  
  44  3:50  Probe  
  44  3:51  Shield Battery  
  44  3:54  Probe  
  44  4:04  Gateway  
  44  4:05  Twilight Council, Gateway  
  44  4:12  Probe x2  
  46  4:24  Probe x2  
  45  4:31  Nexus  
  43  4:33  Blink (Chrono Boost)  
  43  4:38  Probe x2  
  45  4:45  Pylon  
  45  4:48  Assimilator  
  45  4:50  Pylon  
  45  4:51  Probe  
  46  5:03  Probe x2, Stalker x2  
  46  5:05  Stalker  
  54  5:09  Shield Battery  
  54  5:15  Probe x2  
  54  5:17  Pylon  
  56  5:25  Robotics Facility  
  56  5:27  Probe x2  
  58  5:38  Stalker x3  
  65  5:51  Gateway  
  65  5:53  Shield Battery, Gateway  
  62  5:59  Shield Battery  
  62  6:01  Stalker x3  
  68  6:17  Immortal (Chrono Boost)  
  72  6:26  Stalker x3  
  74  6:47  Zealot  
  74  6:50  Zealot, Stalker  
  74  6:51  Stalker  
  75  7:02  Stalker  
Tags
 
Add a new tag
Caveats
  • Supply blocks, unpowered buildings, or Contaminate may cause inaccurate times.
  • Supply counts are checked every 10 seconds.